 Dungeon Crawl Stone Soup version 0.23.2-33-g5129a83184 (webtiles) character file.

Game seed: 3924742772032850025

34 brkfrs the Poker (level 3, 28/28 HPs)
             Began as a Merfolk Skald on July 25, 2019.
             Quit the game on level 2 of the Dungeon.
             The game lasted 00:03:34 (1495 turns).

brkfrs the Poker (Merfolk Skald)                    Turns: 1495, Time: 00:03:34

Health: 28/28      AC:  3    Str: 12    XL:     3   Next: 31%
Magic:  6/6        EV: 12    Int: 12    God:
Gold:   137        SH:  0    Dex: 13    Spells: 3/6 levels left

rFire    . . .     SeeInvis .   a - +0 spear
rCold    . . .     Gourm    .   (no shield)
rNeg     . . .     Faith    .   b - +0 leather armour
rPois    .         Spirit   .   (no helmet)
rElec    .         Reflect  .   (no cloak)
rCorr    .         Harm     .   (no gloves)
MR       .....                  (no boots)
Stlth    +.........             (no amulet)
HPRegen  0.09/turn              (no ring)
MPRegen  0.10/turn              (no ring)

@: no status effects
A: change form in water, swift swim, stealthy swim
a: no special abilities


You were on level 2 of the Dungeon.
You were not hungry.

You visited 1 branch of the dungeon, and saw 2 of its levels.

You collected 137 gold pieces.

Inventory:

Hand Weapons
 a - a +0 spear (weapon)
Armour
 b - a +0 leather armour (worn)
Jewellery
 i - an uncursed ring of protection from cold {unknown}
Scrolls
 c - a scroll of amnesia {unknown}
 e - 2 scrolls of identify {unknown}
 g - a scroll of random uselessness {unknown}
 h - a scroll of magic mapping {unknown}
 j - a scroll of enchant weapon {unknown}
 m - 2 scrolls of remove curse {unknown}
Potions
 f - a potion of cancellation {unknown}
 l - 3 potions of curing {unknown}
Comestibles
 d - a ration
 k - a chunk of flesh


   Skills:
 + Level 2.4 Fighting
 * Level 3.8 Polearms
 + Level 1.0 Armour
 + Level 3.0 Dodging
 + Level 2.2 Spellcasting
 + Level 3.4 Charms


You had 3 spell levels left.
You knew the following spells:

 Your Spells              Type           Power        Failure   Level  Hunger
a - Infusion              Chrm           #...         9%          1    ##.....
b - Song of Slaying       Chrm           #.......     12%         2    ###....

Your spell library contained the following spells:

 Spells                   Type           Power        Failure   Level  Hunger
 Shroud of Golubria       Chrm/Tloc      #.........   26%         2    ###....
 Regeneration             Chrm/Necr      #.........   45%         3    ####...
 Spectral Weapon          Hex/Chrm       #.......     45%         3    ####...


Dungeon Overview and Level Annotations

Branches:
Dungeon (2/15)

Altars:

Annotations:
D:2 Robin


Message History

You reach to attack!
You hit the goblin.
You kill the goblin!
m - 2 scrolls labeled YRUIBY VUTEBOZ (gained 1)
Things that are here:
a +0 club; a goblin corpse You butcher the goblin corpse.
k - 2 chunks of flesh
Things that are here:
a +0 club; a goblin skeleton Eat one of 2 chunks of flesh? (ye/n/q)
You eat one of the 2 chunks of flesh.
This raw flesh tastes terrible.
You start resting.
Magic restored.
You start resting.
HP restored.
Saving game... please wait.
Level annotation: Robin Welcome back, brkfrs the Merfolk Skald.
Press ? for a list of commands and other information.
Are you sure you want to abandon this character and quit the game? (Confirm with "yes".)

### #..
#.##########.
#.#..@.......
###.#.########.
#####.........)..#
#.....#.#.######.#
#.#####...## #.#
#.# #..#.## #.#
#.# #...#.## #.#
#.# #..###.###.#
#.# ##.## ##.##.#


There were no monsters in sight!

Vanquished Creatures
  A worm (D:2)
  A dart slug (D:1)
  2 leopard geckos (D:1)
  6 goblins
  2 hobgoblins
  4 jackals (D:1)
  A quokka (D:2)
  3 bats (D:1)
  3 frilled lizards (D:1)
  2 kobolds (D:2)
25 creatures vanquished.

Vanquished Creatures (others)
  3 toadstools (D:1)
3 creatures vanquished.

Grand Total: 28 creatures vanquished

Notes
Turn   | Place    | Note
-------+----------+-------------------------------------------
     0 | D:1      | brkfrs the Merfolk Skald began the quest for the Orb.
     0 | D:1      | Reached XP level 1. HP: 16/16 MP: 3/3
    89 | D:1      | Reached XP level 2. HP: 19/22 MP: 0/5
   601 | D:1      | Learned a level 2 spell: Song of Slaying
   873 | D:1      | Reached skill level 1 in Armour
   875 | D:1      | Reached XP level 3. HP: 28/28 MP: 3/6
  1070 | D:2      | Noticed Robin
  1495 | D:2      | Quit the game

Skill      XL: |  1  2  3 |
---------------+----------+-----
Armour         | 1 |  1.0
Dodging        | 3 |  3.0
Fighting       | |  2.4
Polearms       | |  3.8
Spellcasting   | |  2.2
Charms         | |  3.4

Action                   || total
-------------------------++-------
Melee: Spear             ||   114
 Cast: Infusion          ||     2
       Song of Slaying   ||     2
  Eat: Chunk             ||     2
Armor: Leather armour    ||    21
Dodge: Dodged            ||    62
